 Dungeon Crawl Stone Soup version 0.28.0-47-ge53b351184 (webtiles) character file.

Game seed: 3670077018861950709

36832 pkoi the Martial Artist (level 13, -6/99 (102) HPs)
             Began as a Demigod Gladiator on Apr 26, 2022.
             Succumbed to a cane toad's poison
             ... on level 5 of the Lair of Beasts.
             The game lasted 00:34:13 (26642 turns).

pkoi the Martial Artist (Demigod Gladiator)        Turns: 26642, Time: 00:34:14

HP:   -6/99 (102)   AC: 20    Str: 19    XL:     13   Next: 23%
MP:   9/26          EV: 12    Int: 24    God:
Gold: 781           SH:  0    Dex: 19    Spells: 17/24 levels left

rFire   . . .      SeeInvis .     - Unarmed
rCold   + . .      Faith    .   (no shield)
rNeg    . . .      Spirit   .   q - +7 Kryia's mail coat {PotionHeal*2 rC+}
rPois   .          Reflect  .   b - +1 helmet
rElec   .          Harm     .   u - +0 cloak
rCorr   .          Rampage  .   y - +0 pair of gloves
Will    +....                   (no boots)
Stlth   ..........              J - amulet of the acrobat
HPRegen 0.26/turn               C - +6 ring of intelligence
MPRegen 0.20/turn               M - +4 ring of slaying

@: lethally poisoned (-6 -> -34), studying Earth Magic, lightly drained
A: high MP 1, forlorn, divine attributes
a: no special abilities


You were on level 5 of the Lair of Beasts.
You visited 3 branches of the dungeon, and saw 17 of its levels.

You collected 893 gold pieces.
You spent 112 gold pieces at shops.

Inventory:

Hand Weapons
 F - the +8 long sword "Ceipnin" {speed, Int+4 SInv}
   (You found it on level 7 of the Dungeon)

   Attacks with this weapon are significantly faster.
   Int:       It affects your intelligence (+4).
   SInv:      It lets you see invisible.
Missiles
 c - 2 throwing nets
 e - 37 poisoned darts
 o - 6 atropa-tipped darts
Armour
 a - a +0 leather armour
 b - a +1 helmet (worn)
 q - the +7 Kryia's mail coat (worn) {PotionHeal*2 rC+}
   (You found it on level 4 of the Dungeon)

   Potions are twice as effective at healing its wearer.
   rC:        It protects you from cold.
 u - a +0 cloak (worn)
 y - a +0 pair of gloves (worn)
 R - a +3 plate armour
Jewellery
 p - a ring of ice
 z - a ring of ice
 C - a +6 ring of intelligence (left hand)
 J - an amulet of the acrobat (around neck)
 L - a ring of see invisible
 M - a +4 ring of slaying (right hand)
Wands
 s - a wand of iceblast (9)
 B - a wand of mindburst (18)
 H - a wand of polymorph (7)
 I - a wand of flame (10)
Scrolls
 f - 3 scrolls of enchant weapon
 l - 5 scrolls of magic mapping
 G - 5 scrolls of teleportation
 N - 2 scrolls of blinking
 O - a scroll of identify
 P - a scroll of fear
Potions
 d - 2 potions of flight
 g - a potion of ambrosia
 h - a potion of brilliance {unknown}
 i - 2 potions of might
 m - 3 potions of haste
 n - 5 potions of curing
 t - a potion of cancellation
 w - a potion of heal wounds
 A - a potion of berserk rage
 D - 3 potions of magic
 E - 3 potions of resistance
 Q - a potion of invisibility
Miscellaneous
 K - a condenser vane


   Skills:
 - Level 6.0 Fighting
 - Level 1.7 Throwing
 + Level 8.9 Armour
 - Level 4.0 Dodging
 + Level 12.5 Unarmed Combat
 - Level 6.0 Spellcasting
 - Level 6.0 Conjurations
 + Level 4.6 Summonings
 + Level 10.4 Earth Magic
 - Level 7.0 Evocations


You had 17 spell levels left.
You knew the following spells:

 Your Spells              Type           Power      Damage    Failure   Level
a - Stone Arrow           Conj/Erth      92%        3d12      1%          3
b - Animate Armour        Summ/Erth      86%        N/A       9%          4

Your spell library contained the following spells:

 Spells                   Type           Power      Damage    Failure   Level
 Summon Small Mammal      Summ           100%       N/A       3%          1
 Foxfire                  Conj/Fire      84%        2x1d8     6%          1
 Pain                     Necr           28%        1d5       21%         1
 Iskenderun's Battlesphe  Conj           36%        2d9       43%         5
 Iron Shot                Conj/Erth      23%        9d5       71%         6
 Spellforged Servitor     Conj/Summ      16%        N/A       100%        7
 Lehudib's Crystal Spear  Conj/Erth      23%        10d6      100%        8


Dungeon Overview and Level Annotations

Branches:
Dungeon (10/15)            Temple (1/1) D:6            Lair (6/6) D:9
  Swamp (0/4) Lair:4        Snake (0/4) Lair:3        Slime (0/5) Lair:5
    Orc: D:9-12

Shops:
D:5 !

Annotations:
Lair:5 3 runed translucent doors, exclusion: 3 oklob plants, Destinykillz's ghost, journeyman DrAE


Innate Abilities, Weirdness & Mutations

You have an increased reservoir of magic. (+10% MP)
You shall have no god before yourself.
Your divine heritage dramatically boosts your attributes as you level up.


Message History

* * * LOW HITPOINT WARNING * * *
The six-headed hydra misses you. The six-headed hydra bites you!
* * * LOW HITPOINT WARNING * * *
The six-headed hydra bites you.
* * * LOW HITPOINT WARNING * * *
Unknown command.
Casting: Stone Arrow (safe; 1% risk of failure)
Confirm with . or Enter, or press ? or * to list all spells.
You feel very sick. The cane toad barely misses you.
The six-headed hydra closely misses you.
The six-headed hydra bites you but does no damage.
The six-headed hydra bites you.
* * * LOW HITPOINT WARNING * * *
The six-headed hydra bites you!
* * * LOW HITPOINT WARNING * * *
The six-headed hydra bites you but does no damage. x2
Unknown command.
You completely miss the six-headed hydra.
The six-headed hydra is moderately wounded.
You feel sick. The cane toad closely misses you.
Unknown command.
You hit the six-headed hydra.
The six-headed hydra is moderately wounded.
You feel sick. The six-headed hydra bites you.
* * * LOW HITPOINT WARNING * * *
The six-headed hydra bites you but does no damage.
The six-headed hydra bites you.
* * * LOW HITPOINT WARNING * * *
The six-headed hydra bites you but does no damage. x3
The cane toad stings you!
* * * LOW HITPOINT WARNING * * *
You are more poisoned.
The cane toad poisons you!
Blink to where?
Press: ? - help, Dir - move target
As you read the scroll of blinking, it crumbles to dust.
* * * LOW HITPOINT WARNING * * *
You feel extremely sick.
You die... ......#..............##P..P...... ................................. ................................. .P...............................
PP............)..................

#PP..##..##......................
##..#######......................
##....#####.......#.#..##.......#
##..PP...##.|...@..##..P.#.......
...........#........D[.........#.
....#....##..........>†..##......
.#####....##............P#......#
##♣♣♣##..###..........PP.........
#DD..♣#### #...................##
+DW.).♣ ####......(..............
+..)..♣##P.......................
+...$.≈#.........................


You could see a six-headed hydra (ally target) and a friendly animated scale
mail (summoned).

Vanquished Creatures
  Snorg (Lair:3)
  A catoblepas (Lair:3)
  A death yak (Lair:2)
  Pikel (D:6)
  A lindwurm (Lair:5)
  An ugly thing (D:8)
  2 black mambas
  8 elephants
  A torpor snail (Lair:2)
  16 cane toads
  4 rime drakes
  6 komodo dragons
  3 trolls (D:9)
  2 polar bears
  A hornet (D:7)
  9 blink frogs
  8 dream sheep
  2 wyverns
  A spriggan (Lair:4)
  3 basilisks
  47 yaks
  8 vampire mosquitoes
  2 steam dragons
  3 nagas (Lair:3)
  15 water moccasins
  An ice beast (D:6)
  2 sky beasts
  3 black bears
  31 wolves
  A necrophage (D:6)
  A lemure (D:5)
  A phantom (D:7)
  3 kobold brigands
  8 bullfrogs
  A scorpion (Lair:1)
  A wyvern skeleton (D:6)
  9 killer bees
  A water moccasin skeleton (D:6)
  2 electric eels (D:9)
  A howler monkey (D:9)
  A centaur zombie (D:5)
  2 orc priests
  A jelly (D:8)
  Crazy Yiuf (D:7)
  9 hounds
  An iguana (D:5)
  3 orc wizards
  11 hell rats
  4 gnolls (D:3)
  5 adders
  A white imp (D:7)
  A worm (D:4)
  14 dart slugs
  20 orcs
  8 ball pythons
  3 endoplasms
  5 giant cockroaches
  9 goblins
  4 hobgoblins
  4 jackals (D:3)
  12 kobolds
  2 quokkas
  17 bats
  4 frilled lizards
  8 rats
363 creatures vanquished.

Vanquished Creatures (collateral kills)
  2 hydras
  4 dream sheep (Lair:4)
  A vampire mosquito (Lair:4)
  4 wolves
  A giant cockroach (D:4)
12 creatures vanquished.

Vanquished Creatures (others)
  An orc wizard (D:5)
  44 fungi
  203 plants
248 creatures vanquished.

Grand Total: 623 creatures vanquished

Notes
Turn   | Place    | Note
-------+----------+-------------------------------------------
     0 | D:1      | pkoi the Demigod Gladiator began the quest for the Orb.
     0 | D:1      | Reached XP level 1. HP: 17/17 MP: 3/3
   131 | D:1      | Reached skill level 3 in Unarmed Combat
   330 | D:1      | Reached XP level 2. HP: 23/24 MP: 4/4
  1362 | D:2      | Reached XP level 3. HP: 29/29 MP: 5/5
  1366 | D:2      | Reached skill level 4 in Unarmed Combat
  2499 | D:3      | Reached skill level 1 in Armour
  2499 | D:3      | Reached XP level 4. HP: 31/36 MP: 6/6
  3178 | D:4      | Reached XP level 5. HP: 33/41 MP: 7/7
  3284 | D:4      | Found the +7 Kryia's mail coat {PotionHeal*2 rC+}
  4681 | D:3      | Reached skill level 5 in Unarmed Combat
  5016 | D:5      | Entered Level 5 of the Dungeon
  5376 | D:5      | Reached XP level 6. HP: 48/48 MP: 8/8
  6107 | D:5      | Found Muetof's Distillery.
  6124 | D:5      | Bought a potion of curing for 42 gold pieces
  6124 | D:5      | Bought a potion of heal wounds for 70 gold pieces
  6149 | D:5      | Identified a scroll of acquirement
  6277 | D:6      | Noticed Pikel
  6644 | D:6      | Reached skill level 6 in Unarmed Combat
  6702 | D:6      | Found a staircase to the Ecumenical Temple.
  6769 | D:6      | Reached XP level 7. HP: 53/53 MP: 9/9
  7067 | Temple   | Entered the Ecumenical Temple
  7259 | D:6      | Reached skill level 7 in Unarmed Combat
  7475 | D:6      | Killed Pikel
  7476 | D:6      | Reached XP level 8. HP: 19/62 MP: 10/10
  7929 | D:7      | Noticed a hornet
  7936 | D:7      | Killed a hornet
  7937 | D:7      | Reached skill level 8 in Unarmed Combat
  7937 | D:7      | Reached skill level 1 in Evocations
  8434 | D:7      | Acquired a manual of Earth Magic
  8440 | D:7      | Learned a level 3 spell: Stone Arrow
  8446 | D:7      | Found a runed translucent door.
  8447 | D:7      | Noticed Crazy Yiuf
  8449 | D:7      | Identified the +4 mace of Cataclysm {freeze, rF+}
  8459 | D:7      | Killed Crazy Yiuf
  8837 | D:7      | Identified the +8 long sword "Ceipnin" {speed, Int+4 SInv}
  8880 | D:7      | Reached skill level 5 in Armour
  9094 | D:8      | Reached skill level 1 in Earth Magic
  9301 | D:8      | Reached XP level 9. HP: 71/71 MP: 11/13
  9380 | D:8      | Reached skill level 1 in Spellcasting
  9432 | D:8      | Reached skill level 1 in Conjurations
  9752 | D:8      | Noticed a red ugly thing
  9767 | D:8      | Killed a red ugly thing
  9768 | D:8      | Reached skill level 9 in Unarmed Combat
 11322 | D:9      | Found a staircase to the Lair.
 11479 | D:9      | Reached XP level 10. HP: 57/80 MP: 15/17
 12014 | D:10     | Entered Level 10 of the Dungeon
 12060 | Lair:1   | Entered Level 1 of the Lair of Beasts
 12354 | Lair:1   | Reached skill level 5 in Fighting
 12432 | Lair:1   | Reached skill level 10 in Unarmed Combat
 12587 | Lair:1   | Reached skill level 5 in Earth Magic
 12611 | Lair:1   | HP: 1/81 [yak (13)]
 13862 | Lair:1   | You fall into a shaft and drop 1 floor!
 14137 | Lair:2   | Got Rites and Rhymes for Beginners
 14153 | Lair:2   | Reached XP level 11. HP: 88/88 MP: 20/20
 15897 | Lair:1   | Reached skill level 5 in Evocations
 16384 | Lair:2   | Reached skill level 11 in Unarmed Combat
 17292 | Lair:3   | Noticed Snorg
 17573 | Lair:3   | Noticed a catoblepas
 17854 | Lair:3   | Reached skill level 5 in Conjurations
 18210 | Lair:3   | Killed a catoblepas
 18895 | Lair:3   | Reached XP level 12. HP: 48/96 MP: 6/23
 19181 | Lair:2   | Learned a level 4 spell: Animate Armour
 19434 | Lair:3   | Reached skill level 5 in Spellcasting
 19543 | Lair:3   | Killed Snorg
 19544 | Lair:3   | Reached skill level 1 in Summonings
 19941 | Lair:3   | Found a staircase to the Snake Pit.
 21301 | Lair:4   | Reached skill level 12 in Unarmed Combat
 21880 | Lair:4   | Identified the -6 buckler of Yredelemnul's Pride {Slay+3}
 22187 | Lair:4   | Found a staircase to the Swamp.
 22877 | Lair:5   | Noticed an eight-headed hydra
 22893 | Lair:5   | Killed an eight-headed hydra
 23572 | Lair:5   | Found a runed translucent gate.
 23572 | Lair:5   | Found a runed translucent gate.
 23572 | Lair:5   | Found a runed translucent gate.
 23573 | Lair:5   | Noticed a 14-headed hydra
 23573 | Lair:5   | Noticed Destinykillz's ghost (journeyman DrAE)
 23573 | Lair:5   | Noticed a nine-headed hydra
 23574 | Lair:5   | Noticed a nine-headed hydra
 23791 | Lair:5   | Found a staircase to the Slime Pits.
 24226 | Lair:6   | Entered Level 6 of the Lair of Beasts
 24465 | Lair:6   | Reached XP level 13. HP: 88/102 MP: 3/26
 25148 | Lair:5   | Reached skill level 10 in Earth Magic
 26641 | Lair:5   | HP: 1/99 [poisoned by a cane toad]
 26642 | Lair:5   | Succumbed to a cane toad's poison

Illustrated notes

Levels and vault maps discovered:
D:1:      amcnicky_arrival_blooded_trapdoor, layout_basic,
          hellmonk_ecumenical_altar_leap_of_faith, minmay_misc_feat_iff,
          chequers_decorated_corner, wander_ebering_terrifying_dragon_lair
D:2:      layout_loops_ring, basic_altar, grunt_ministairs_6,
          corexii_hall_statues_s
D:3:      layout_rooms, mainiacjoe_overflow_catch_the_wave
D:4:      layout_basic, corner_web_ring
D:5:      kennysheep_slugbush, layout_basic, nicolae_dithmenos_the_darkroom,
          serial_shops, nicolae_shop_advertising_works
          [nicolae_subvault_shop_adworks]
D:6:      layout_basic, minmay_temple_entry_tees, kennysheep_potato, uniq_pikel
D:7:      layout_loops_ring, marbit_many_paths, uniq_crazy_yiuf_cottage
D:8:      layout_loops_corners, kennysheep_little_box, kennysheep_mini
D:9:      layout_roguey, mainiacjoe_overflow_tiny_flanked, erik_lair_island,
          minmay_misc_feat_alley
D:10:     layout_rooms, yredelemnul_altar_generic, minmay_misc_feat_hallway,
          uniq_gastronok
Temple:   minmay_temple_curvy_branch
Lair:1:   layout_roguey, beast_lair_carwin_9, grunt_megastairs_1
Lair:2:   layout_cave_pods
Lair:3:   layout_hall_layers, minmay_snake_entry_guardpost_small,
          nicolae_lair_grazing_beasts [nicolae_sub_lair_graze_edge,
          nicolae_sub_lair_graze_edge, nicolae_sub_lair_graze_edge,
          nicolae_sub_lair_graze_edge], uniq_snorg
Lair:4:   layout_loops_ring, minmay_swamp_entry_swarm, roderic_batcave,
          grunt_forest_stairs_clearing
Lair:5:   layout_regular_city, minmay_slime_entry_oklob_enclosed,
          gammafunk_ghost_hydra_chop, hibernation_bobbens
Lair:6:   minmay_lair_end_frog_pond, layout_cave_pods

Skill      XL: |  1  2  3  4  5  6  7  8  9 10 11 12 13 |
---------------+----------------------------------------+-----
Unarmed Combat | 3 4 5 6 7 8 9 10 11 12 | 12.5
Armour         | 1 2 3 4 5 6 7 8 |  8.9
Dodging        | 3 4 |  4.0
Fighting       | 2 3 4 5 6 |  6.0
Evocations     | 2 3 4 5 7 |  7.0
Earth Magic    | 1 4 5 7 9 10 | 10.4
Spellcasting   | 2 3 4 6 |  6.0
Conjurations   | 2 4 5 6 |  6.0
Summonings     | 3 4 |  4.6
Throwing       | |  1.7

Action                   |  1- 3 |  4- 6 |  7- 9 | 10-12 | 13-15 || total
-------------------------+-------+-------+-------+-------+-------++-------
Melee: Unarmed           |   166 |   155 |   139 |   377 |    88 ||   925
       Punch             |     4 |     4 |    22 |    80 |     6 ||   116
       Dagger            |       |    12 |    31 |       |       ||    43
       Long sword        |       |       |   136 |   365 |       ||   501
 Fire: Hunting sling     |       |    99 |    13 |     1 |       ||   113
Throw: Throwing net      |       |       |     2 |       |       ||     2
 Cast: Stone Arrow       |       |       |       |    94 |    42 ||   136
       Animate Armour    |       |       |       |     4 |     3 ||     7
Evoke: Wand              |       |       |     4 |     6 |       ||    10
       Condenser vane    |       |       |       |     1 |       ||     1
  Use: Scroll            |     6 |     5 |     2 |    13 |     1 ||    27
       Potion            |     1 |       |     1 |     2 |       ||     4
 Stab: Sleeping          |     3 |       |       |       |       ||     3
       Petrified         |       |       |       |     9 |       ||     9
Armor: Leather armour    |    42 |    20 |       |       |       ||    62
       Scale mail        |       |    62 |   179 |   355 |    78 ||   674
Dodge: Dodged            |    95 |   121 |   171 |   448 |    75 ||   910
